 Dungeon Crawl Stone Soup version 0.30-a0-852-g08b95dd62f (webtiles) character file.

Game seed: 2566681944229533

342 jimonade the Magician (level 6, 0/45 HPs)
             Began as a Djinni Warper on Mar 5, 2023.
             Slain by an orc
             ... wielding a +0 short sword
              (2 damage)
             ... on level 4 of the Dungeon.
             The game lasted 00:12:42 (3891 turns).

jimonade the Magician (Djinni Warper)               Turns: 3891, Time: 00:12:42

Health: 0/45       AC:  7    Str: 12    XL:     6   Next: 88%
Gold:   185        EV: 12    Int: 15    God:
                   SH:  0    Dex: 12

rFire   + + .      SeeInvis .    a - +5 Force Lance {heavy, knockback}
rCold   x . .      Faith    .    (no shield)
rNeg    . . .      Spirit   .    b - +0 leather armour
rPois   ∞          Reflect  .    (no helmet)
rElec   .          Rampage  .    o - +2 cloak
rCorr   .                        A - +0 pair of gloves
Will    .....                    (boots unavailable)
Stlth   +                        (no amulet)
HPRegen 0.27/turn                (no ring)
MPRegen 0.00/turn                (no ring)

@: flying
A: sickness immunity, fire resistance 2, cold vulnerability 1, float, innate
caster, HP casting, extra vitality 1
a: no special abilities


You were on level 4 of the Dungeon.
You visited 1 branch of the dungeon, and saw 4 of its levels.

You collected 185 gold pieces.

Inventory:

Hand Weapons
 a - the +5 Force Lance (weapon) {heavy, knockback}
   (You found it on level 2 of the Dungeon)
 e - a +2 dagger of draining
 h - a +0 sling
 m - a +0 short sword
 n - a +1 long sword
 p - a +0 rapier
Missiles
 d - 7 boomerangs of dispersal
 k - 4 atropa-tipped darts
 v - 2 boomerangs
Armour
 b - a +0 leather armour (worn)
 i - a +0 chain mail
 j - a +0 ring mail
 o - a +2 cloak (worn)
 A - a +0 pair of gloves (worn)
Magical Staves
 y - a staff of air
Scrolls
 c - a scroll of blinking
 g - 2 scrolls of poison
Potions
 f - 2 potions of mutation
 q - 2 potions of heal wounds
 s - a potion of curing
 u - 2 potions of might
 w - 5 potions of cancellation {unknown}
 x - a potion of berserk rage {unknown}
 z - a potion of magic {unknown}
 B - a potion of lignification {unknown}


   Skills:
 + Level 2.4 Fighting
 + Level 2.8 Short Blades
 + Level 2.5 Polearms
 + Level 0.8 Throwing
 + Level 3.0 Armour
 + Level 2.9 Dodging
 + Level 0.1 Stealth
 * Level 3.2 Spellcasting


You knew the following spells:

 Your Spells              Type           Power      Damage    Failure   Level
a - Blink                 Tloc           24%        N/A       10%         2
b - Lesser Beckoning      Tloc           24%        N/A       10%         2
c - Vhi's Electric Charg  Tloc/Air       24%        N/A       19%         3
d - Teleport Other        Tloc           12%        N/A       19%         3
e - Manifold Assault      Tloc           12%        N/A       54%         4
f - Magic Dart            Conj           48%        1d5       6%          1
g - Poisonous Vapours     Pois/Air       24%        N/A       10%         2
Your spell library was empty.

Dungeon Overview and Level Annotations

Branches:
Dungeon (4/15)
 Temple: D:4-7

Altars:
Trog
Wu Jian

Shops:
D:1 [=!=*   D:2 [=![*


Innate Abilities, Weirdness & Mutations

You are immune to sickness and miasma.
You are immune to poison.
Your flesh is very heat resistant. (rF++)
You are vulnerable to cold. (rC-)
You float through the air rather than walking.
You learn spells naturally, not from books.
Your magical power is your life essence.
You have superior vitality. (+4 MHP)


Message History

The orc priest calls down the wrath of Beogh upon you.
Beogh smites you! The orc closely misses you.
Casting: Poisonous Vapours (safe; 10% risk of failure)
Confirm with . or Enter, or press ? or * to list all spells.
Aiming: Poisonous Vapours (safe; 10% risk of failure)
Press: ? - help, Dir - move target, f - orc priest
Aim: an orc priest, wielding a +0 short sword (moderately wounded)
You can't see any item there.
Poisonous vapours surround the orc priest!
The orc priest is poisoned.
The orc priest calls down the wrath of Beogh upon you.
Beogh smites you! The orc completely misses you.
Casting: Poisonous Vapours (safe; 10% risk of failure)
Confirm with . or Enter, or press ? or * to list all spells.
Aiming: Poisonous Vapours (safe; 10% risk of failure)
Press: ? - help, Dir - move target, f/p - orc priest
Aim: an orc priest, wielding a +0 short sword (heavily wounded, poisoned) Poisonous vapours surround the orc priest!
The orc priest looks even sicker.
The orc hits you but does no damage.
Casting: Poisonous Vapours (safe; 10% risk of failure)
Confirm with . or Enter, or press ? or * to list all spells.
Aiming: Poisonous Vapours (safe; 10% risk of failure)
Press: ? - help, Dir - move target, f/p - orc priest
Aim: an orc priest, wielding a +0 short sword (heavily wounded, very poisoned) Poisonous vapours surround the orc priest!
The orc priest looks even sicker.
The orc hits you with a +0 short sword.
Casting: Poisonous Vapours (safe; 10% risk of failure)
Confirm with . or Enter, or press ? or * to list all spells.
Aiming: Poisonous Vapours (safe; 10% risk of failure)
Press: ? - help, Dir - move target, f/p - orc priest
Aim: an orc priest, wielding a +0 short sword (heavily wounded, very poisoned) Poisonous vapours surround the orc priest!
The orc priest looks as sick as possible!
* * * LOW HITPOINT WARNING * * *
The orc hits you but does no damage.
The orc priest calls down the wrath of Beogh upon you.
Beogh smites you!
* * * LOW HITPOINT WARNING * * *
The orc attacks as you move away! The orc hits you with a +0 short sword.
You die...

#........#...###
#........#...#
#..........#.#
#.......#.##.###
####.#.........#
#.###..##.#.#
#.......#.#.#
##...##.#>#.#
#..####.#.#@# #.##
#.#.#o##### #.#
#.......oo#
##.#######.#####.o#
#........#.# #.#
##.#......#.# ...
#..#......#.# ..#
#.##......#.# .##
#.##......#.# #


You could see an orc.

Vanquished Creatures
  A phantom (D:4)
  2 orc wizards
  2 iguanas
  3 gnolls
  4 adders
  A worm (D:3)
  A dart slug (D:4)
  7 orcs
  13 endoplasms
  A giant cockroach (D:2)
  10 goblins
  7 hobgoblins
  4 jackals (D:1)
  5 kobolds
  4 quokkas
  8 ball pythons
  6 bats
  3 frilled lizards
  3 rats
85 creatures vanquished.

Notes
Turn   | Place    | Note
-------+----------+-------------------------------------------
     0 | D:1      | jimonade the Djinni Warper began the quest for the Orb.
     0 | D:1      | jimonade set off with the following spells memorised:
                  | Blink, Lesser Beckoning, Vhi's Electric Charge, Teleport
                  | Other, Manifold Assault.
     0 | D:1      | Reached XP level 1. HP: 18/18 MP: 0/0
   221 | D:1      | Reached XP level 2. HP: 11/23 MP: 0/0
   592 | D:1      | Reached XP level 3. HP: 15/28 MP: 0/0
   592 | D:1      | Learned a level 1 spell: Magic Dart
   695 | D:1      | Found Saniashra's General Store.
   735 | D:1      | Found Fobuzol's Jewellery Shoppe.
   792 | D:1      | Found Betagojo's Antique Armour Shop.
   812 | D:1      | Found Ruymug's Jewellery Shop.
   883 | D:1      | Found Isatsab's Distillery.
  1556 | D:2      | Reached XP level 4. HP: 33/33 MP: 0/0
  1591 | D:2      | Found Hoikaavu's Jewellery Emporium.
  1644 | D:2      | Found Sexyipn's Distillery.
  1826 | D:2      | Found the +5 Force Lance {heavy, knockback}
  2004 | D:2      | Found Nausaix's General Store.
  2069 | D:2      | Reached XP level 5. HP: 12/38 MP: 0/0
  2069 | D:2      | Learned a level 2 spell: Poisonous Vapours
  2413 | D:2      | Found Vibbeubb's Armour Emporium.
  2453 | D:2      | Found a bloodstained altar of Trog.
  2517 | D:2      | Found Nymez's Armour Boutique.
  2824 | D:3      | Reached skill level 1 in Polearms
  2862 | D:3      | Reached XP level 6. HP: 43/43 MP: 0/0
  3212 | D:3      | Found an ornate altar of the Wu Jian Council.
  3889 | D:4      | HP: 2/45 [orc priest/divine providence (12)]
  3891 | D:4      | Slain by an orc

Illustrated notes

Levels and vault maps discovered:
D:1:      kilobyte_arrival_exit_the_forest, layout_basic, serial_shops,
          nicolae_shop_hallway_plus, shop,
          nicolae_shop_competitors_out_of_business, nicolae_shop_hallway_plus,
          nicolae_shop_advertising_works [nicolae_subvault_shop_adworks],
          kennysheep_nondescript, minmay_heptomino_h4
D:2:      layout_loops_corners, basic_altar, serial_shops, shop,
          nicolae_shop_hallway_plus, shop, nicolae_shop_behind_doors, shop,
          minmay_misc_feat_hallway
D:3:      layout_basic, pdpol_wu_jian_five_deadly_venoms
D:4:      minmay_bubble_buster, layout_basic, minmay_temple_entry_fiery,
          chequers_decorated_corner

Skill      XL: |  1  2  3  4  5  6 |
---------------+-------------------+-----
Short Blades   | 2 |  2.8
Spellcasting   | 3 |  3.2
Armour         | 2 3 |  3.0
Polearms       | 1 2 |  2.5
Fighting       | |  2.4
Throwing       | |  0.8
Dodging        | |  2.9
Stealth        | |  0.1

Action                     |  1- 3 |  4- 6 || total
---------------------------+-------+-------++-------
  Melee: Short sword       |   196 |       ||   196
         Rapier            |       |    38 ||    38
         Lance             |       |   105 ||   105
         Punch             |       |     1 ||     1
   Cast: Poisonous Vapours |       |    12 ||    12
    Use: Scroll            |       |     7 ||     7
   Stab: Sleeping          |     1 |       ||     1
 Armour: Leather armour    |    28 |    36 ||    64
         Chain mail        |    44 |    43 ||    87
  Dodge: Dodged            |    77 |    63 ||   140

Table legend: (Time is in decaauts)
 A = Elapsed time spent in this place.
 B = Non-inter-level travel time spent in this place.
 C = Inter-level travel time spent in this place.
 D = Time resting spent in this place.
 E = Time spent auto-exploring this place.
 F = Levels seen in this place.
 G = Mean time per level.
                   A        B        C        D        E       F      G
               +--------+--------+--------+--------+--------+-----+--------+
         Total |   3936 |   3779 |    157 |    179 |   2639 |   4 |  984.0 |
       Dungeon |   3936 |   3779 |    157 |    179 |   2639 |   4 |  984.0 |
               +--------+--------+--------+--------+--------+-----+--------+

Top non-repeatable levels by time:
     D:1: 1566 daAuts
     D:2: 1043 daAuts
     D:3: 1028 daAuts
     D:4: 298 daAuts
